← All builds
Beach sea / Cortex / Economy first / OBSERVED BUILD

Standard beach sea

Cortex Beach sea build order · Supreme Isthmus

The role's usual play: com goes to sea to build a shipyard around 2 minutes, pumping frigates and destroyers to contest enemy sea entry or hold vision, with an advanced metal extractor around 10 minutes as the transition into the team's…

Usually shipyard first (93%)

#naval #eco · 1591 distinct matches · 207 players · 84% of Cortex Beach sea games · team won 55% of 1795 · Recently observed

HOW TO PLAY IT

Key timing: Shipyard by 1:56

  1. Open 3 mex, then send com to sea to build Shipyard by 1:56.
  2. Add tidal generators, wind and more mex to fund the shipyard.
  3. Pump Riptide first, then Oppressor to contest enemy sea entry.
  4. Get T2 constructor out to start scaling the naval economy.
  5. Transition into Advanced Metal Extractor as the economy phase begins.

Phase by phase

TYPICAL OF ITS 1591 GAMES
  1. 1
  2. 2
  3. 3
PLAY THE OPENING

Follow the example game's first 6:00 step by step: what to build now, what comes next, and where it goes. At 1× it keeps pace with your own game.

  1. 1

    Up to the Shipyard

    Economy
    • Metal Extractor3Mex
    • Wind Turbine3Windfor allies
    • Wind Turbine2Wind
    • Energy Storage1Energy storage
    Order
    1. ShipyardShipyard after 3 mex, 2 wind, 1 energy storagedone ~1:56, middle half 1:43–2:07

    Some games also: Guard (30%)

    By 1:39 in all: 3 mex · 2 wind · 1 energy storage

    The example game in this phase · 5 steps
    1. Mex ×3
    2. Solar
    3. Wind ×4for unknown
    4. Energy storage
    5. ShipyardShipyarddone 2:04 · typical 1:56
  2. 2

    Shipyard to 5:00

    Economy
    • Metal Extractor5Mex
    • Tidal Generator2Tidal
    Builders
    • Construction Ship2 Con ship
    Army
    • Riptide2 Frigate
    • Herring1 Missile corvette
    • Oppressor1 Destroyer
    Other
    • Naval Radar / Sonar Tower1 Naval Radar / Sonar Tower

    Some games also: Urchin (46%) · mex (38%) · wind (37%) · submarine (36%) · wind (36%)

    By 5:00 in all: 8 mex · 3 wind · 2 tidal · 1 energy storage

    The example game in this phase · 19 steps
    1. Construction ShipCon ship
    2. Tidal
    3. Construction ShipCon ship
    4. Tidal
    5. HerringMissile corvette
    6. Mex ×2
    7. HerringMissile corvette
    8. Tidal ×2
    9. Mex ×2
    10. Con turret
    11. Mex
    12. SlingshotSlingshot
    13. Naval Radar / Sonar TowerNaval Radar / Sonar Tower
    14. UrchinUrchin ×2
    15. RiptideFrigatedone 4:53 · typical 3:50
    16. Naval Radar / Sonar TowerNaval Radar / Sonar Tower
    17. Wind
    18. RiptideFrigate
    19. Wind
  3. 3

    5:00 to 10:00

    Economy
    • Metal Extractor1Mex
    • Wind Turbine8Wind
    Builders
    • Construction Ship1 Con ship
    • Death Cavalry1 Death Cavalry
    Army
    • Urchin1 Urchin
    • Riptide5 Frigate
    • Oppressor2 Destroyer
    • Herring2 Missile corvette
    Other
    • Naval Radar / Sonar Tower1 Naval Radar / Sonar Tower

    Some games also: Naval Construction Turret (49%) · Guard (47%) · tidal (39%) · Radar Tower (39%) · wind (34%)

    By 10:00 in all: 9 mex · 10 wind · 4 wind · 4 tidal · 1 energy storage · 1 Naval Construction Turret

    The example game in this phase · 147 steps
    1. Mex
    2. Wind ×2
    3. Mex
    4. Wind ×2
    5. GuardGuard
    6. RiptideFrigate
    7. Wind
    8. Naval Construction Turret
    9. GuardGuard
    10. Wind ×3
    11. GuardGuard
    12. Wind
    13. OppressorDestroyerdone 6:50 · typical 5:14
    14. Wind
    15. GuardGuard
    16. Wind ×2
    17. Naval Construction Turret
    18. GuardGuard
    19. Wind
    20. Converter
    21. Radar TowerRadar Tower
    22. Converter ×2
    23. Naval Radar / Sonar TowerNaval Radar / Sonar Tower
    24. Death CavalryDeath Cavalry
    25. Converter
    26. Construction ShipCon ship
    27. Wind ×2
    28. HerringMissile corvette
    29. Wind
    30. RiptideFrigate
    31. Wind
    32. Wind ×2
    33. Wind
    34. Wind
    35. RiptideFrigate
    36. Wind
    37. Wind
    38. Wind ×2
    39. Wind
    40. Wind
    41. RiptideFrigate
    42. Wind
    43. Wind ×2
    44. Wind
    45. Wind ×2
    46. Wind
    47. OppressorDestroyer
    48. Wind
    49. Wind
    50. Wind ×2
    51. Death CavalryDeath Cavalry
    52. Wind ×2
    53. Construction ShipCon ship
    54. Wind ×2
    55. HerringMissile corvette
    56. RiptideFrigate
    57. Wind
    58. Naval Construction Turret
    59. Wind ×2
    60. RiptideFrigate
    61. Wind
    62. Converter
    63. Wind
    64. Converter
    65. RiptideFrigate
    66. Wind
    67. Converter
    68. OppressorDestroyer
    69. Wind
    70. Converter
    71. Wind
    72. Converter
    73. Wind ×2
    74. Death CavalryDeath Cavalry
    75. Wind
    76. Construction ShipCon ship
    77. Wind
    78. HerringMissile corvette
    79. Wind
    80. RiptideFrigate
    81. Wind
    82. RiptideFrigate
    83. Wind
    84. Death CavalryDeath Cavalry
    85. Wind
    86. OppressorDestroyer
    87. Wind ×2
    88. OppressorDestroyer
    89. Wind
    90. HerringMissile corvette
    91. Wind
    92. Construction ShipCon ship
    93. Advanced ShipyardAdvanced Shipyarddone 13:04
    94. Wind
    95. Construction ShipCon ship
    96. Wind
    97. Construction ShipCon ship
    98. Wind
    99. Construction ShipCon ship
    100. Wind
    101. GuardGuard
    102. Wind
    103. GuardGuard
    104. Wind
    105. GuardGuard
    106. Advanced Metal ExtractorT2 mexdone 13:43 · typical 9:58
    107. Wind
    108. GuardGuard
    109. Mex
    110. Wind
    111. Mex
    112. Wind
    113. GuardGuard
    114. Tidal
    115. Wind
    116. Advanced Metal ExtractorT2 mex
    117. GuardGuard
    118. Wind
    119. Tidal
    120. Naval Energy Converter
    121. Radar TowerRadar Tower
    122. Tidal
    123. Naval Energy Converter
    124. GuardGuard
    125. Tidal
    126. Wind
    127. Naval Energy Converter
    128. Tidal
    129. GuardGuard
    130. Tidal
    131. Mex
    132. Naval Energy Converter
    133. Wind
    134. Bot LabBot Labdone 14:52
    135. Tidal
    136. Wind
    137. Tidal
    138. Naval Energy Converter
    139. Tidal
    140. Wind
    141. Advanced Metal ExtractorT2 mex
    142. Mex
    143. Wind
    144. Construction BotCon bot
    145. Tidal ×2
    146. Advanced Construction SubAdvanced Construction Sub
    147. Naval Energy Converter

Counts are medians over the build's games: half of them build more, half fewer. The example game is Wys's (31 OS, 09/08/2026); pick another.

Team trades

IN AT LEAST 30% OF ITS GAMES

You hand over

  • Wind Turbine3 Wind to Airfirst at 1:46 · in 77% of games

You get

  • Finch1 Finch from Airfirst at 2:00 · in 80% of games
  • Lazarus1 Lazarus from Geofirst at 2:13 · in 63% of games
  • Hephaestus1 Heavy transport from Airfirst at 2:16 · in 64% of games
  • Construction Bot1 Con bot from Geofirst at 2:26 · in 70% of games
  • Hercules1 Light transport from Airfirst at 2:34 · in 32% of games
  • Advanced Construction Bot1 T2 con bot from Techfirst at 8:08 · in 89% of games

How it plays out

Typical game of this build, running totals by minute

Metal produced

010k20k30k
0:005:0010:0015:00

metal

Enemy metal destroyed

05k10k
0:005:0010:0015:00

metal

Own metal lost

02.5k5k7.5k
0:005:0010:0015:00

metal

1795 games.

Show as table
ByMetal produced: This buildEnemy metal destroyed: This buildOwn metal lost: This build
1:0040300
2:0093700
3:00155300
4:002540051
5:003717176101
6:005049487280
7:006492975592
8:00807016651001
9:00967926141532
10:001153637242325
11:001368547443105
12:001625058553871
13:001895168784629
14:002167379245680
15:002456588566501
WHAT THE NUMBERS SAY

Standard Beach sea play has the lowest team win rate of these builds and destroys far less enemy metal early than it loses eco time.

  • + Metal produced climbs to 24945 by 15:00, the highest of all six roles.
  • + Riptide and Oppressor together make 63% of army, a focused naval composition.
  • − Enemy metal destroyed is only 200 by 5:00, barely contesting early sea.
  • − T2 factory only reached in 35% of games, behind other roles' T2 timing.
THE EXAMPLE YOU ARE READING

Wys

31.4 OS · 09/08/2026

Open source match ↗

5 received units · includes a constructor
514 metal received · 49166 energy received

Allied construction assistance is unknown. Timings are observations, not a promise of solo reproducibility.

Typical milestones

Shipyard1:56Middle 50%: 1:43–2:07 · n=1792
Riptide3:50Middle 50%: 3:12–4:34 · n=1749
Oppressor5:14Middle 50%: 4:29–6:06 · n=1728
Advanced Metal Extractor9:58Middle 50%: 9:17–10:54 · n=1519

Played most by

EpicTyrannus120games of this buildDamsko69games of this buildKbot_my_Ahole67games of this buildWaboum64games of this buildfanboi63games of this build